 Dungeon Crawl Stone Soup version 0.29-a0-337-g68df138881 (console) character file.

Game seed: 2857700346273294825

1926 sera the Cleaver (level 8, -3/55 (57) HPs)
             Began as a Demigod Wanderer on Apr 16, 2022.
             Slain by a wight
             ... wielding a +6 battleaxe
              (13 damage)
             ... on level 6 of the Dungeon.
             The game lasted 00:11:10 (8210 turns).

sera the Cleaver (Demigod Wanderer)                 Turns: 8210, Time: 00:11:11

HP:   -3/55 (57)    AC: 11    Str: 21    XL:     8   Next: 64%
MP:   13/13         EV:  7    Int: 11    God:
Gold: 1252          SH:  5    Dex: 16    Spells: 9/10 levels left

rFire   + . .      SeeInvis .   a - +0 war axe
rCold   . . .      Faith    .   u - +0 buckler
rNeg    . . .      Spirit   .   p - +0 chain mail
rPois   .          Reflect  .   j - +0 helmet
rElec   .          Harm     .   o - +0 cloak
rCorr   .          Rampage  .   (no gloves)
Will    .....                   b - +0 pair of boots
Stlth   ..........              m - amulet of the acrobat
HPRegen 0.18/turn               k - ring of protection from fire
MPRegen 0.13/turn               (no ring)

@: lightly drained
A: high MP 1, forlorn, divine attributes
a: no special abilities


You were on level 6 of the Dungeon.
You visited 1 branch of the dungeon, and saw 6 of its levels.

You collected 1252 gold pieces.

Inventory:

Hand Weapons
 a - a +0 war axe (weapon)
Missiles
 s - 7 poisoned darts (quivered)
 x - a throwing net
Armour
 b - a +0 pair of boots (worn)
 j - a +0 helmet (worn)
 o - a +0 cloak (worn)
 p - a +0 chain mail (worn)
 u - a +0 buckler (worn)
Jewellery
 h - a ring of ice
 k - a ring of protection from fire (left hand)
 m - an amulet of the acrobat (around neck)
 w - an amulet of guardian spirit
Wands
 A - a wand of flame (11)
Scrolls
 f - a scroll of enchant weapon
 g - 3 scrolls of teleportation
 i - 3 scrolls of enchant armour
 l - a scroll of amnesia
 v - a scroll of immolation {unknown}
 y - a scroll of identify
Potions
 c - 3 potions of lignification
 d - a potion of haste {unknown}
 e - 3 potions of curing
 n - 3 potions of cancellation
 q - 2 potions of resistance
 r - 2 potions of berserk rage
 t - 3 potions of brilliance
 z - a potion of invisibility {unknown}


   Skills:
 + Level 9.7 Axes
 - Level 2.0 Throwing
 - Level 1.0 Armour
 - Level 1.7 Dodging
 - Level 4.0 Shields
 - Level 1.7 Spellcasting
 - Level 2.6 Poison Magic


You had 9 spell levels left.
You knew the following spells:

 Your Spells              Type           Power      Damage    Failure   Level
a - Sting                 Tmut/Pois      12%        1d3       94%         1

Your spell library contained the following spells:

 Spells                   Type           Power      Damage    Failure   Level
 Animate Skeleton         Necr           0%         N/A       99%         1
 Pain                     Necr           0%         1d4       99%         1
 Sandblast                Erth           0%         2d4       99%         1
 Summon Small Mammal      Summ           0%         N/A       99%         1
 Passwall                 Tmut/Erth      0%         N/A       99%         2
 Call Canine Familiar     Summ           0%         N/A       100%        3
 Spider Form              Tmut/Pois      3%         N/A       100%        3
 Stone Arrow              Conj/Erth      0%         3d7       100%        3
 Summon Guardian Golem    Hex/Summ       0%         N/A       100%        3
 Vampiric Draining        Necr           0%         2d6       100%        3


Dungeon Overview and Level Annotations

Branches:
Dungeon (6/15)             Temple (0/1) D:6


Innate Abilities, Weirdness & Mutations

You have an increased reservoir of magic. (+10% MP)
You shall have no god before yourself.
Your divine heritage dramatically boosts your attributes as you level up.


Message History

The wight barely misses you.
You hit the wight.
The wight is severely damaged.
The wight hits you with a +6 battleaxe!
You barely miss the wight.
The wight is severely damaged.
The wight barely misses you.
You closely miss the wight.
The wight is severely damaged.
You block the wight's attack.
You barely miss the wight.
The wight is severely damaged.
The wight hits you with a +6 battleaxe.
You hit the wight.
The wight is severely damaged.
The wight hits you with a +6 battleaxe!
* * * LOW HITPOINT WARNING * * *
You feel drained.
* * * LOW HITPOINT WARNING * * *
You block the wight's attack.
You barely miss the wight.
The wight is severely damaged.
You block the wight's attack.
You hit the wight but do no damage.
The wight is severely damaged.
The wight hits you with a +6 battleaxe.
* * * LOW HITPOINT WARNING * * *
You barely miss the wight.
The wight is severely damaged.
The wight hits you but does no damage.
You barely miss the wight.
The wight is severely damaged.
The wight closely misses you.
You hit the wight.
The wight is almost destroyed.
You block the wight's attack.
You barely miss the wight.
The wight is almost destroyed.
The wight hits you with a +6 battleaxe!
You die...

###.≈...≈...≈...≈.#.......##
#≈≈≈.≈≈≈.≈≈≈.≈≈≈........##
###.≈...≈...≈...≈........##.
#.....≈...≈...≈.......)...#.
...##.≈≈≈.≈≈≈.≈≈≈..#.........
## ##.≈..†≈...≈.###........#
#...≈...≈..## #.....#.
###..≈≈≈.≈≈≈.# #...##
#...#.≈.z@≈.## .. ####
.....!.#.######...
..................
!#######.#...#... #...#...#
##.## .## #..)# .# #.#...# ..
#...#...#..


You could see a wight.

Vanquished Creatures
  2 water moccasins (D:6)
  2 ice beasts (D:6)
  A black bear (D:4)
  3 ogres (D:5)
  A kobold brigand (D:4)
  6 scorpions
  3 wights (D:6)
  A howler monkey (D:5)
  A gnoll shaman (D:5)
  5 hounds
  A jelly (D:6)
  3 iguanas
  An orc wizard (D:6)
  12 gnolls
  8 adders
  2 worms (D:2)
  A dart slug (D:1)
  9 orcs
  9 endoplasms
  2 giant cockroaches
  2 goblins
  6 hobgoblins
  4 quokkas
  6 ball pythons
  5 bats
  3 frilled lizards
  A goblin zombie (D:4)
  2 kobolds (D:4)
  4 rats
  A rat zombie (D:4)
107 creatures vanquished.

Notes
Turn   | Place    | Note
-------+----------+-------------------------------------------
     0 | D:1      | sera the Demigod Wanderer began the quest for the Orb.
     0 | D:1      | sera set off with the following items: a +2 hand axe, a +0
                  | pair of boots, a potion of lignification, a +0 leather
                  | armour; and the following spell memorised: Sting; and the
                  | following spells available to memorise: Spider Form
     0 | D:1      | Reached XP level 1. HP: 14/14 MP: 5/5
   149 | D:1      | Reached skill level 2 in Axes
   402 | D:1      | Reached XP level 2. HP: 20/20 MP: 7/7
   851 | D:2      | Reached skill level 3 in Axes
   863 | D:1      | Reached XP level 3. HP: 12/26 MP: 8/8
  1065 | D:2      | Identified the +1 ring mail of Gluttony {Dex+4}
  1476 | D:2      | Reached skill level 4 in Axes
  2041 | D:3      | Reached XP level 4. HP: 24/33 MP: 9/9
  2683 | D:4      | Identified a scroll of acquirement
  2683 | D:4      | Acquired 988 gold pieces
  2733 | D:4      | Reached skill level 5 in Axes
  2733 | D:4      | Reached XP level 5. HP: 22/38 MP: 10/10
  2892 | D:4      | HP: 1/38 [iguana (9)]
  3385 | D:4      | Reached skill level 6 in Axes
  3420 | D:4      | Reached XP level 6. HP: 45/45 MP: 11/11
  4022 | D:5      | Entered Level 5 of the Dungeon
  4686 | D:4      | Reached skill level 7 in Axes
  4686 | D:4      | Reached skill level 1 in Shields
  4686 | D:4      | Reached XP level 7. HP: 35/50 MP: 12/12
  5197 | D:5      | Reached skill level 1 in Throwing
  7114 | D:6      | Reached XP level 8. HP: 48/57 MP: 13/13
  7338 | D:6      | Reached skill level 8 in Axes
  7395 | D:6      | Found a staircase to the Ecumenical Temple.
  7523 | D:6      | Reached skill level 9 in Axes
  8210 | D:6      | Slain by a wight

Illustrated notes

Levels and vault maps discovered:
D:1:      dpeg_arrival_oval, layout_basic, chequers_ecumenical_altar_island,
          minmay_misc_feat_pillars, minmay_misc_feat_plants, patterned_corridor
D:2:      layout_basic, kennysheep_generic_room_13
D:3:      layout_loops_cross, minmay_tree_intersection, kennysheep_crisscross
D:4:      layout_loops_cross, trog_book, nicolae_overflow_squiral,
          enter_ossuary_4
D:5:      layout_layer_cave, makhleb_heckhound_becter, nrook_pool_corridor,
          roderic_filled_cross
D:6:      layout_rooms, dreamdust_divine_triumvirate, minmay_temple_entry_trees,
          kennysheep_doodads, minmay_misc_feat_four_crosses, serial_park_tiny_1

Skill      XL: |  1  2  3  4  5  6  7  8 |
---------------+-------------------------+-----
Axes           | 2 3 4 5 6 7 9 |  9.7
Shields        | 1 3 4 |  4.0
Throwing       | 2 |  2.0
Armour         | |  1.0
Dodging        | |  1.7
Spellcasting   | |  1.7
Poison Magic   | |  2.6

Action                   |  1- 3 |  4- 6 |  7- 9 || total
-------------------------+-------+-------+-------++-------
Melee: Hand axe          |   118 |   148 |   102 ||   368
       Punch             |     1 |     5 |       ||     6
       War axe           |       |       |    85 ||    85
Throw: Dart              |       |       |    24 ||    24
  Use: Scroll            |       |    11 |     1 ||    12
       Potion            |       |       |     1 ||     1
 Stab: Sleeping          |     1 |       |       ||     1
Armor: Leather armour    |    38 |     5 |       ||    43
       Chain mail        |       |    78 |    73 ||   151
Dodge: Dodged            |    71 |    64 |    65 ||   200
Block: Buckler           |       |     4 |    37 ||    41

Table legend: (Time is in decaauts)
 A = Elapsed time spent in this place.
 B = Non-inter-level travel time spent in this place.
 C = Inter-level travel time spent in this place.
 D = Time resting spent in this place.
 E = Time spent auto-exploring this place.
 F = Levels seen in this place.
 G = Mean time per level.
                   A        B        C        D        E       F      G
               +--------+--------+--------+--------+--------+-----+--------+
         Total |   8247 |   7775 |    472 |   3189 |   3210 |   6 | 1374.5 |
       Dungeon |   8247 |   7775 |    472 |   3189 |   3210 |   6 | 1374.5 |
               +--------+--------+--------+--------+--------+-----+--------+

Top non-repeatable levels by time:
     D:4: 2373 daAuts
     D:5: 1823 daAuts
     D:6: 1116 daAuts
     D:1: 994 daAuts
     D:3: 991 daAuts
     D:2: 948 daAuts
